 Dungeon Crawl Stone Soup version 0.30-a0-1053-gbd8d5ba0ad (webtiles) character file.

Game seed: 15606138316180677048

173 BlueFish the Sneak (level 5, -1/36 HPs)
             Began as an Octopode Fighter on Apr 11, 2023.
             Was an Initiate of Cheibriados.
             Slain by an ice beast (7 damage)
             ... on level 4 of the Dungeon.
             The game lasted 00:05:02 (2931 turns).

BlueFish the Sneak (Octopode Fighter)               Turns: 2931, Time: 00:05:04

Health: -1/36      AC:  1    Str: 19    XL:     5   Next: 53%
Magic:  0/15       EV: 13    Int: 11    God:    Cheibriados [......]
Gold:   152        SH:  4    Dex: 12    Spells: 6/6 levels left

rFire   . . .      SeeInvis .    a - +0 flail
rCold   . . .      Faith    .    l - +0 buckler
rNeg    . . .      Spirit   +    (helmet restricted)
rPois   .          Reflect  .    h - amulet of guardian spirit
rElec   .          Rampage  .    i - ring of magical power
rCorr   .                        (no ring)
Will    .....                    (no ring)
Stlth   +++                      (no ring)
HPRegen 0.26/turn                (no ring)
MPRegen 0.14/turn                (no ring)
                                 (no ring)
                                 (no ring)

@: very slow
A: almost no armour, amphibious, 8 rings, camouflage 1, gelatinous body 1,
(nimble swimmer 1), tentacles
a: Renounce Religion


You were on level 4 of the Dungeon.
You worshipped Cheibriados.
Cheibriados was noncommittal.
You visited 2 branches of the dungeon, and saw 5 of its levels.

You collected 152 gold pieces.

Inventory:

Hand Weapons
 a - a +0 flail (weapon)
 b - a +0 sling
Missiles
 f - 4 datura-tipped darts (quivered)
 j - 8 poisoned darts
 o - 2 curare-tipped darts
 u - 9 stones
Armour
 l - a +0 buckler (worn)
Jewellery
 h - an amulet of guardian spirit (around mantle)
 i - a ring of magical power (left tentacle)
Wands
 s - a wand of paralysis (6)
Scrolls
 d - 7 scrolls of identify {unknown}
 e - a scroll of silence {unknown}
 k - a scroll of magic mapping {unknown}
 m - a scroll of fog {unknown}
 n - a scroll of poison {unknown}
 q - a scroll of teleportation {unknown}
 v - a scroll of fear {unknown}
Potions
 c - 2 potions of might
 g - 2 potions of brilliance {unknown}
 p - a potion of cancellation {unknown}
 r - a potion of ambrosia {unknown}
 t - a potion of magic {unknown}


   Skills:
 + Level 3.5 Fighting
 + Level 2.5 Maces & Flails
 + Level 0.9 Ranged Weapons
 + Level 1.0 Throwing
 + Level 3.3 Dodging
 * Level 3.7 Stealth
 + Level 3.5 Shields
 + Level 1.3 Spellcasting
 + Level 0.0 Invocations
 + Level 0.0 Evocations


You had 6 spell levels left.
You didn't know any spells.
Your spell library was empty.

Dungeon Overview and Level Annotations

Branches:
Dungeon (4/15)             Temple (1/1) D:4

Altars:
Ashenzari
Cheibriados
Dithmenos
Elyvilon
Fedhas
Gozag
Hepliaklqana
Kikubaaqudgha
Makhleb
Nemelex Xobeh
Okawaru
Qazlal
Ru
Sif Muna
Trog
Uskayaw
Vehumet
Wu Jian
Xom
Yredelemnul
Zin
The Shining One


Innate Abilities, Weirdness & Mutations

You cannot wear most types of armour.
You are amphibious.
You can wear up to eight rings at the same time.
Your skin changes colour to match your surroundings (Stealth+).
Your rubbery body absorbs attacks. (AC +1, EV +1)
((You are camouflaged when in or above water. (Stealth+)))
You have tentacles for arms and can constrict up to eight enemies at once.


Message History

The kobold completely misses you.
An ice beast comes into view.
The kobold misses you.
You hit the kobold.
You kill the kobold!
Cheibriados appreciates the change of pace.
b - a +0 sling (weapon)
You shoot a sling bullet.
The sling bullet hits the ice beast but does no damage.
You shoot a sling bullet.
The sling bullet barely misses the ice beast.
a - a +0 flail (weapon)
The ice beast misses you.
You hit the ice beast but do no damage. The ice beast hits you.
The ice beast freezes you.
You hit the ice beast.
The ice beast is lightly wounded.
You block the ice beast's attack.
The ice beast hits you but does no damage.
You closely miss the ice beast. Your squeeze misses the ice beast.
The ice beast is lightly wounded.
The ice beast hits you. The ice beast freezes you!
You barely miss the ice beast. Your squeeze misses the ice beast.
The ice beast is lightly wounded.
The ice beast hits you. The ice beast freezes you!
* * * LOW HITPOINT WARNING * * *
You closely miss the ice beast.
You squeeze the ice beast, but do no damage.
The ice beast is lightly wounded.
The ice beast misses you.
You barely miss the ice beast.
The ice beast is lightly wounded.
The ice beast closely misses you.
The ice beast hits you but does no damage.
You hit the ice beast. Your squeeze misses the ice beast.
The ice beast is lightly wounded.
The ice beast hits you.
* * * LOW HITPOINT WARNING * * *
The ice beast freezes you!
You die...

#...~~#....#
8_..^....###
...~≈#.###
..~~##)..# _~
##..#.####
##..).......
#.
###..#.#######
#..####......#
#..)Y@..#####
#########


You could see an ice beast.

Vanquished Creatures
  A jelly (D:4)
  An iguana (D:4)
  5 adders
  A dart slug (D:2)
  3 orcs (D:3)
  8 ball pythons
  5 bats
  2 endoplasms
  5 giant cockroaches
  3 goblins
  7 hobgoblins
  A jackal (D:1)
  4 quokkas
  5 frilled lizards
  7 kobolds
  4 rats
62 creatures vanquished.

Vanquished Creatures (others)
  13 withered plants (D:1)
13 creatures vanquished.

Grand Total: 75 creatures vanquished

Notes
Turn   | Place    | Note
-------+----------+-------------------------------------------
     0 | D:1      | BlueFish the Octopode Fighter began the quest for the Orb.
     0 | D:1      | Reached XP level 1. HP: 16/16 MP: 1/1
   236 | D:1      | Reached skill level 1 in Stealth
   281 | D:1      | Found Ziyq's Magic Scroll Emporium.
   332 | D:1      | Reached XP level 2. HP: 21/21 MP: 2/2
   512 | D:1      | Found a faded altar of an unknown god.
   550 | D:1      | You fall into a shaft and drop 1 floor!
   600 | D:2      | Reached XP level 3. HP: 26/26 MP: 3/3
  1538 | D:3      | Reached XP level 4. HP: 23/31 MP: 5/5
  1541 | D:3      | Reached skill level 1 in Spellcasting
  2027 | D:3      | Found a sacrificial altar of Ru.
  2276 | D:3      | Identified the +3 ring mail of Idowynk {rC+ Regen+}
  2529 | D:4      | Reached XP level 5. HP: 9/36 MP: 3/6
  2668 | D:4      | Found a staircase to the Ecumenical Temple.
  2674 | D:4      | Reached skill level 1 in Throwing
  2678 | Temple   | Entered the Ecumenical Temple
  2793 | Temple   | Became a worshipper of Cheibriados the Contemplative
  2905 | D:4      | Found a white marble altar of Elyvilon.
  2905 | D:4      | Found a broken altar of Ashenzari.
  2905 | D:4      | Found a hazy altar of Hepliaklqana.
  2918 | D:4      | Noticed an ice beast
  2931 | D:4      | Slain by an ice beast

Illustrated notes

Levels and vault maps discovered:
D:1:      heliophobic_arrival_glass_houses, layout_loops_corners,
          shapermc_ecumenical_altar_flowoftime, serial_shops, shop,
          minmay_3d_cube
D:2:      layout_loops_cross
D:3:      layout_basic, nicolae_ru_sacrificial_ziggurat, hex_medium
D:4:      layout_loops_ring, gammafunk_temple_overflow_claw,
          minmay_temple_entry_grid
Temple:   dpeg_five_rooms_temple

Skill      XL: |  1  2  3  4  5 |
---------------+----------------+-----
Stealth        | 1 2 3 |  3.7
Spellcasting   | 1 |  1.3
Throwing       | 1 |  1.0
Fighting       | |  3.5
Maces & Flails | |  2.5
Ranged Weapons | |  0.9
Dodging        | |  3.3
Shields        | |  3.5

Action                     |  1- 3 |  4- 6 || total
---------------------------+-------+-------++-------
  Melee: Flail             |    85 |    50 ||   135
         Constrict         |    33 |    12 ||    45
         Tentacles         |    10 |    10 ||    20
   Fire: Sling             |       |     2 ||     2
   Stab: Sleeping          |    10 |     3 ||    13
 Armour: Skin              |     7 |     5 ||    12
  Dodge: Dodged            |    40 |    24 ||    64
  Block: Buckler           |     9 |    12 ||    21

Table legend: (Time is in decaauts)
 A = Elapsed time spent in this place.
 B = Non-inter-level travel time spent in this place.
 C = Inter-level travel time spent in this place.
 D = Time resting spent in this place.
 E = Time spent auto-exploring this place.
 F = Levels seen in this place.
 G = Mean time per level.
                   A        B        C        D        E       F      G
               +--------+--------+--------+--------+--------+-----+--------+
         Total |   3006 |   2889 |    117 |      0 |   2293 |   5 |  601.2 |
       Dungeon |   2769 |   2692 |     77 |      0 |   2115 |   4 |  692.2 |
        Temple |    237 |    198 |     39 |      0 |    178 |   1 |  237.0 |
               +--------+--------+--------+--------+--------+-----+--------+

Top non-repeatable levels by time:
     D:3: 946 daAuts
     D:1: 931 daAuts
     D:2: 616 daAuts
     D:4: 274 daAuts
  Temple: 237 daAuts
